 Dungeon Crawl Stone Soup version 0.17-a0-1882-g750edc8 (webtiles) character file.

14 4thArraOfDagon the Stinger (level 2, -2/25 HPs)
             Began as a Naga Venom Mage on Sept 22, 2015.
             Shot with a stone by a goblin (4 damage)
             ... on level 3 of the Dungeon.
             The game lasted 00:01:38 (193 turns).

4thArraOfDagon the Stinger (Naga Venom Mage)         Turns: 193, Time: 00:01:39

Health: -2/25      AC:  1    Str: 10    XL:     2   Next: 45%
Magic:  1/5        EV: 10    Int: 15    God:
Gold:   10         SH:  0    Dex: 11    Spells: 2 memorised, 2 levels left

rFire  . . .     SeeInvis +       - Unarmed
rCold  . . .     Clarity  .     a - +0 robe
rNeg   . . .     SustAt   .     (no shield)
rPois  +         Gourm    .     (no helmet)
rElec  .         Spirit   .     (no cloak)
rCorr  .         Warding  .     (no gloves)
rMut   .         Stasis   .     (no barding)
MR     .....                    (no amulet)
Stlth  ++........               (no ring)
                                (no ring)

@: short of breath, very slightly contaminated, very slow, not resistant to
hostile enchantments, unstealthy
A: see invisible, deformed body, poison resistance, slowness 2, slow metabolism
1, spit poison 2, AC +0
a: Spit Poison


You were on level 3 of the Dungeon.
You were not hungry.

You visited 1 branch of the dungeon, and saw 3 of its levels.

You collected 10 gold pieces.

Inventory:

Armour
 a - a +0 robe (worn)
Scrolls
 e - a scroll of identify {unknown}
Books
 b - a Young Poisoner's Handbook

   Spells                             Type                      Level
   a - Sting                          Conjuration/Poison           1
   b - Cure Poison                    Poison                       2
   c - Mephitic Cloud                 Conjuration/Poison/Air       3
   d - Olgreb's Toxic Radiance        Poison                       4
   e - Venom Bolt                     Conjuration/Poison           5
Comestibles
 c - a bread ration
 d - a chunk of flesh


   Skills:
 + Level 1.2 Fighting
 + Level 1.8 Dodging
 - Level 3.0 Stealth
 * Level 1.0 Unarmed Combat
 - Level 2.0 Spellcasting
 - Level 5.3 Poison Magic


You had 2 spell levels left.
You knew the following spells:

 Your Spells              Type           Power        Failure   Level  Hunger
a - Sting                 Conj/Pois      #...         10%         1    #......
b - Cure Poison           Pois           ###.......   4%          2    ###....


Dungeon Overview and Level Annotations

Branches:
Dungeon (3/15)

Altars:
Fedhas
Xom


Innate Abilities, Weirdness & Mutations

You cannot wear boots.
Your serpentine skin is tough (AC +0).
You have supernaturally acute eyesight.
Armour fits poorly on your strangely shaped body.
Your system is resistant to poisons.
You cover ground very slowly.
You have a slow metabolism.
You can spit poison.


Message History

Your Unarmed Combat skill increases to level 1!
Casting: Sting
Confirm with . or Enter, or press ? or * to list all spells.
You don't have enough magic to cast that spell.
Unknown command.
You closely miss the goblin. The goblin barely misses you.
You aren't carrying any potions.
Casting: Sting
Confirm with . or Enter, or press ? or * to list all spells.
You don't have enough magic to cast that spell.
Unknown command.
Use which ability?
You can't do that yet.
Unknown command.
The goblin wields a hunting sling.
The goblin shoots a stone.
The stone hits you.
* * * LOW HITPOINT WARNING * * *
You see here a stone.
The goblin shoots a stone.
The stone hits you.
You die...

#(# ####'##
#.....########
+.....'.......
#.....######## #....)#
#.)...#
#.####'###############
#.........@(.g........
######.##########.####
#.# ........#
#########


You could see a goblin.

Vanquished Creatures
  An orc (D:3)
  2 bats (D:2)
  2 giant cockroaches (D:1)
  A goblin (D:2)
  3 hobgoblins
  A kobold (D:1)
  A giant newt (D:3)
  A rat (D:1)
12 creatures vanquished.

Notes
Turn   | Place    | Note
--------------------------------------------------------------
     0 | D:1      | 4thArraOfDagon the Naga Venom Mage began the quest for the Orb.
     0 | D:1      | Reached XP level 1. HP: 15/15 MP: 3/3
    84 | D:1      | Reached skill level 1 in Fighting
    93 | D:1      | Reached XP level 2. HP: 9/25 MP: 1/5
   111 | D:2      | Found a shimmering altar of Xom.
   111 | D:2      | Found a blossoming altar of Fedhas.
   132 | D:2      | Learned a level 2 spell: Cure Poison
   190 | D:3      | Reached skill level 1 in Unarmed Combat
   193 | D:3      | Shot with a stone by a goblin

Vault maps used:
D:1:      tarquinn_simple_flora_water_d, serial_glass, glass_columns_a,
          glass_columns_b, hangedman_decor_points
D:2:      gammafunk_temple_overflow_elements, okawaru_altar_gauntlet_db
D:3:      grunt_temple_overflow_gold_and_silver, minmay_misc_feat_plants,
          hangedman_decor_lopped, corexii_item_surrounded_by_moat,
          kennysheep_generic_room_13, uniq_iyjb, uniq_sigmund

Action                   || total
-------------------------++-------
Melee: Unarmed           ||    14
 Cast: Sting             ||    14
 Abil: Spit Poison       ||     7
  Use: Potion            ||     2
